 Dungeon Sprint DCSS version 0.31.0-10-gcf4a605ca0 (webtiles) character file.

Game seed: 6461351873926402315

8100000 Ashen the Intangible (level 27, -26/228 HPs)
             Began as a Djinni Warper on Jan 25, 2024.
             Was the Champion of Makhleb.
             Annihilated by a meat berserker
             ... wielding a +9 battleaxe
              (82 damage)
             ... in the Dungeon (Sprint VIII: "Arena of Blood").
             The game lasted 00:06:09 (81 turns).

Ashen the Intangible (Djinni Warper)                  Turns: 81, Time: 00:06:10

Health: -26/228    AC:  6    Str: 10    XL:     27
Gold:   0          EV: 35    Int: 18    God:    Makhleb [******] SH:  0 Dex: 24

rFire   + + .        h - +∞ Axe of Woe
rCold   x . .        (shield currently unavailable)
rNeg    . . .        a - +0 leather armour
rPois   ∞            (no helmet)
rElec   .            (no cloak)
rCorr   .            (no gloves)
SInv    +            (boots unavailable)
Will    ++...        (no amulet)
Stlth   ++++++++++   i - ring of see invisible
HPRegen 0.58/turn    (no ring)
MPRegen 0.00/turn

%: no teleportation, infuse magic (-27 HP)
@: marked, flying, slowed, very slow
A: sickness immunity, fire resistance 2, cold vulnerability 1, float, innate
caster, HP casting, extra vitality 1
a: Renounce Religion, Minor Destruction, Lesser Servant of Makhleb, Major
Destruction, Greater Servant of Makhleb


You were in the Dungeon.
You worshipped Makhleb.
Makhleb was exalted by your worship.
You visited 1 branch

Inventory:

Hand Weapons
 h - the +∞ Axe of Woe (weapon)
   (You found it in the Dungeon)
Missiles
 c - 7 darts of dispersal (quivered)
Armour
 a - a +0 leather armour (worn)
Jewellery
 i - a ring of see invisible (left hand)
Scrolls
 b - 2 scrolls of blinking
Potions
 d - a potion of curing
 e - a potion of heal wounds
 f - a potion of haste
 g - a potion of berserk rage


   Skills:
 O Level 27 Fighting
 O Level 27 Short Blades
 O Level 27 Long Blades
 O Level 27 Axes
 O Level 27 Maces & Flails
 O Level 27 Polearms
 O Level 27 Staves
 O Level 27 Ranged Weapons
 O Level 27 Throwing
 O Level 27 Armour
 O Level 27 Dodging
 O Level 27 Stealth
 O Level 27 Shields
 O Level 27 Unarmed Combat
 O Level 27 Spellcasting
 O Level 27 Conjurations
 O Level 27 Hexes
 O Level 27 Summonings
 O Level 27 Necromancy
 O Level 27 Translocations
 O Level 27 Fire Magic
 O Level 27 Ice Magic
 O Level 27 Air Magic
 O Level 27 Earth Magic
 O Level 27 Alchemy
 O Level 27 Invocations
 O Level 27 Evocations
 O Level 27 Shapeshifting


You knew the following spells:

 Your Spells              Type           Power      Damage    Failure   Level
a - Blink                 Tloc           100%       N/A       0%          2
b - Lesser Beckoning      Tloc           100%       N/A       0%          2
c - Teleport Other        Tloc           88%        N/A       0%          3
d - Manifold Assault      Tloc           88%        N/A       0%          4
e - Vhi's Electric Charg  Tloc/Air       100%       N/A       0%          4
f - Sting                 Conj/Alch      100%       1d9       0%          1
g - Mercury Vapours       Alch/Air       100%       N/A       0%          2
h - Momentum Strike       Conj/Tloc      100%       3d10      0%          2
i - Tukima's Dance        Hex            88%        N/A       0%          3
j - Animate Armour        Summ/Erth      100%       N/A       0%          4
k - Freezing Cloud        Conj/Ice/Air   44%        6-21      0%          5
l - Summon Cactus Giant   Summ           44%        N/A       0%          6
m - Orb of Destruction    Conj           44%        9d12      1%          7
n - Monstrous Menagerie   Summ           44%        N/A       1%          7
o - Infestation           Necr           44%        N/A       1%          8
p - Disjunction           Tloc           44%        N/A       1%          8
q - Borgnjor's Revivific  Necr           44%        N/A       1%          8
r - Dragon's Call         Summ           44%        N/A       2%          9
Your spell library was empty.

Dungeon Overview and Level Annotations

Branches:
Dungeon (1/1)

Altars:
Makhleb


Innate Abilities, Weirdness & Mutations

You are immune to sickness and miasma.
You are immune to poison.
Your flesh is very heat resistant. (rF++)
You are vulnerable to cold. (rC-)
You float through the air rather than walking.
You learn spells naturally, not from books.
Your magical power is your life essence.
You have superior vitality. (+4 MHP)


Message History

The eight-headed meat hydra convulses!
The bag of meat convulses!
The meat berserker convulses!
The bag of meat convulses!
The meat berserker convulses! x6; Your body is wracked with pain!
The eight-headed meat hydra convulses!
You hear a roar!
The tyrant mumbles some strange words.
A meat berserker comes into view. It is wielding a +9 battleaxe.
A wretched soul comes into view.
The meat berserker completely misses you.
The meat berserker rages.
The eight-headed meat hydra calls on the powers of darkness!
The eight-headed meat hydra convulses!
Your body is wracked with pain!
* * * LOW HITPOINT WARNING * * *
The meat berserker convulses! x3; The bag of meat convulses! x2
The eight-headed meat hydra convulses!
The meat berserker convulses!
A meat berserker comes into view. It is wielding a +9 battleaxe.
The destroyer points at you and mumbles some strange words.
The destroyer blinks!
The meat berserker moves out of view.
Unknown command.
You hit the dread.
You cleave the dread in twain.
You destroy the dread!
Makhleb accepts your kill.
You slash the meat berserker!
You pulverise the meat berserker into a thin bloody mist.
You blow up the meat berserker!
Makhleb accepts your kill.
You feel better.
The meat berserker is engulfed in blazing flames.
The meat berserker rages.
The meat beast completely misses you. The meat beast tramples you!
* * * LOW HITPOINT WARNING * * *
You hold your ground!
The accursed gestures at you while chanting.
Something smites you!
* * * LOW HITPOINT WARNING * * *
The meat berserker rages.
The dread is engulfed in blazing flames.
A meat berserker comes into view. It is wielding a +9 battleaxe.
The meat berserker hits you with a +9 battleaxe!!!!
You die...

#################
##.§..2).)D).....##
......z)O@)O........
......o##O##)#####..
.)..)..2)2V)))§.....
####.○○oM##O##○)○...
......Ooo)§zO°☼○V...
#.o..WWOV°O#O#......
#...O)DXX)o.Wo§O...#
#§.W.XML.o.○OOz....
..#.§.....o...oD....


You could see 2 accurseds, 2 tentacled monstrosities, 2 meat beasts, a tyrant, 2
eight-headed meat hydras, 2 destroyers, 2 sculptors of flesh, a large
abomination (summoned), 3 dreads, 11 meat berserkers, a wretched soul
(invisible) and 5 bags of meat.

Vanquished Creatures
  Sigmund (D)
  5 hell beasts (D)
  2 royal mummies (D)
  3 wraiths (D)
  11 vampire knights (D)
  24 ogres (D)
  5 two-headed ogres (D)
  4 liches (D)
  A phantom (D)
  82 orcs (D)
  3 skeletal warriors (D)
141 creatures vanquished.

Vanquished Creatures (others)
  Harold (D)
  2 two-headed ogres (D)
  3 orcs (D)
6 creatures vanquished.

Grand Total: 147 creatures vanquished

Notes
Turn   | Place    | Note
-------+----------+-------------------------------------------
     0 | D        | Found the +∞ Axe of Woe
     0 | D        | Ashen the Djinni Warper began the quest for the Orb.
     0 | D        | Ashen set off with the following spells memorised: Blink,
                  | Lesser Beckoning, Teleport Other, Manifold Assault, Vhi's
                  | Electric Charge.
     0 | D        | Reached XP level 1. HP: 18/18 MP: 0/0
     0 | D        | Noticed a meat berserker
     2 | D        | Noticed a bag of meat
     3 | D        | Became a worshipper of Makhleb the Destroyer
     4 | D        | Killed a meat berserker
     5 | D        | Reached skill level 5 in Armour
     5 | D        | Reached XP level 2. HP: 46/46 MP: 0/0
     5 | D        | Reached XP level 3. HP: 51/51 MP: 0/0
     5 | D        | Learned a level 1 spell: Sting
     5 | D        | Reached XP level 4. HP: 58/58 MP: 0/0
     5 | D        | Reached XP level 5. HP: 64/64 MP: 0/0
     5 | D        | Learned a level 2 spell: Mercury Vapours
     5 | D        | Reached XP level 6. HP: 70/70 MP: 0/0
     5 | D        | Reached XP level 7. HP: 76/76 MP: 0/0
     5 | D        | Learned a level 2 spell: Momentum Strike
     5 | D        | Reached XP level 8. HP: 82/82 MP: 0/0
     5 | D        | Reached XP level 9. HP: 87/87 MP: 0/0
     5 | D        | Learned a level 3 spell: Tukima's Dance
     5 | D        | Reached XP level 10. HP: 94/94 MP: 0/0
     5 | D        | Reached XP level 11. HP: 100/100 MP: 0/0
     5 | D        | Learned a level 4 spell: Animate Armour
     5 | D        | Reached XP level 12. HP: 106/106 MP: 0/0
     6 | D        | Noticed a bag of meat
     6 | D        | Noticed a bag of meat
     6 | D        | Noticed a bag of meat
     6 | D        | Noticed a bag of meat
     8 | D        | Noticed a bag of meat
     8 | D        | Noticed a meat berserker
     9 | D        | Noticed a bag of meat
     9 | D        | Noticed a meat berserker
     9 | D        | Noticed a bag of meat
     9 | D        | Noticed a bag of meat
    10 | D        | Killed a bag of meat
    10 | D        | Reached * piety under Makhleb
    10 | D        | Noticed a bag of meat
    10 | D        | Noticed a bag of meat
    10 | D        | Noticed a bag of meat
    10 | D        | Noticed a meat berserker
    10 | D        | Noticed a meat berserker
    11 | D        | Reached skill level 5 in Throwing
    11 | D        | Reached XP level 13. HP: 84/115 MP: 0/0
    11 | D        | Learned a level 5 spell: Freezing Cloud
    11 | D        | Killed a bag of meat
    11 | D        | Killed a bag of meat
    11 | D        | Noticed a bag of meat
    11 | D        | Noticed a bag of meat
    12 | D        | Reached XP level 14. HP: 116/126 MP: 0/0
    12 | D        | Killed a meat berserker
    12 | D        | Reached ** piety under Makhleb
    12 | D        | Killed a bag of meat
    12 | D        | Noticed a meat berserker
    12 | D        | Noticed a bag of meat
    12 | D        | Noticed a bag of meat
    13 | D        | Reached XP level 15. HP: 48/137 MP: 0/0
    13 | D        | Learned a level 6 spell: Summon Cactus Giant
    13 | D        | Killed a meat berserker
    13 | D        | Reached *** piety under Makhleb
    13 | D        | Noticed a meat berserker
    14 | D        | Reached XP level 16. HP: 132/148 MP: 0/0
    14 | D        | Killed a meat berserker
    14 | D        | Reached **** piety under Makhleb
    14 | D        | Killed a meat berserker
    15 | D        | Reached skill level 27 in Fighting
    15 | D        | Reached skill level 10 in Throwing
    15 | D        | Reached skill level 10 in Armour
    15 | D        | Reached skill level 27 in Dodging
    15 | D        | Reached skill level 27 in Unarmed Combat
    15 | D        | Reached XP level 17. HP: 160/160 MP: 0/0
    15 | D        | Learned a level 7 spell: Orb of Destruction
    15 | D        | Reached ***** piety under Makhleb
    16 | D        | Reached XP level 18. HP: 167/167 MP: 0/0
    16 | D        | Killed a meat berserker
    16 | D        | Noticed a destroyer
    16 | D        | Noticed a meat berserker
    18 | D        | Killed a meat berserker
    19 | D        | Reached skill level 27 in Axes
    19 | D        | Reached skill level 15 in Armour
    19 | D        | Reached XP level 19. HP: 174/174 MP: 0/0
    19 | D        | Learned a level 7 spell: Monstrous Menagerie
    19 | D        | Killed a destroyer
    19 | D        | Reached ****** piety under Makhleb
    19 | D        | Noticed a meat berserker
    20 | D        | Reached skill level 10 in Spellcasting
    20 | D        | Reached skill level 10 in Conjurations
    20 | D        | Reached skill level 10 in Hexes
    20 | D        | Reached skill level 10 in Summonings
    20 | D        | Reached skill level 10 in Necromancy
    20 | D        | Reached skill level 10 in Translocations
    20 | D        | Reached skill level 10 in Fire Magic
    20 | D        | Reached skill level 10 in Ice Magic
    20 | D        | Reached skill level 10 in Air Magic
    20 | D        | Reached skill level 10 in Earth Magic
    20 | D        | Reached skill level 10 in Alchemy
    20 | D        | Noticed a destroyer
    20 | D        | Noticed a large bag of meat
    21 | D        | Reached XP level 20. HP: 181/181 MP: 0/0
    21 | D        | Noticed a large bag of meat
    22 | D        | Reached skill level 15 in Spellcasting
    22 | D        | Reached skill level 15 in Conjurations
    22 | D        | Reached skill level 15 in Hexes
    22 | D        | Reached skill level 15 in Summonings
    22 | D        | Reached skill level 15 in Necromancy
    22 | D        | Reached skill level 15 in Translocations
    22 | D        | Reached skill level 15 in Fire Magic
    22 | D        | Reached skill level 15 in Ice Magic
    22 | D        | Reached skill level 15 in Air Magic
    22 | D        | Reached skill level 15 in Earth Magic
    22 | D        | Reached skill level 15 in Alchemy
    22 | D        | Noticed a meat berserker
    23 | D        | Killed a large bag of meat
    23 | D        | Noticed a large bag of meat
    24 | D        | Reached XP level 21. HP: 168/187 MP: 0/0
    24 | D        | Learned a level 8 spell: Infestation
    24 | D        | Noticed a meat berserker
    30 | D        | Noticed a destroyer
    31 | D        | Killed a destroyer
    32 | D        | Reached skill level 27 in Throwing
    32 | D        | Reached skill level 27 in Armour
    32 | D        | Reached XP level 22. HP: 194/194 MP: 0/0
    33 | D        | Reached skill level 27 in Spellcasting
    33 | D        | Reached skill level 27 in Conjurations
    33 | D        | Reached skill level 27 in Hexes
    33 | D        | Reached skill level 27 in Summonings
    33 | D        | Reached skill level 27 in Necromancy
    33 | D        | Reached skill level 27 in Translocations
    33 | D        | Reached skill level 27 in Fire Magic
    33 | D        | Reached skill level 27 in Ice Magic
    33 | D        | Reached skill level 27 in Air Magic
    33 | D        | Reached skill level 27 in Earth Magic
    33 | D        | Reached skill level 27 in Alchemy
    33 | D        | Killed a meat berserker
    33 | D        | Noticed a large bag of meat
    36 | D        | Reached skill level 5 in Short Blades
    36 | D        | Reached skill level 5 in Long Blades
    36 | D        | Reached skill level 5 in Maces & Flails
    36 | D        | Reached skill level 5 in Polearms
    36 | D        | Reached skill level 5 in Staves
    36 | D        | Reached skill level 5 in Ranged Weapons
    36 | D        | Reached skill level 5 in Stealth
    36 | D        | Reached skill level 5 in Shapeshifting
    36 | D        | Killed a large bag of meat
    36 | D        | Noticed a destroyer
    37 | D        | Reached XP level 23. HP: 201/201 MP: 0/0
    37 | D        | Learned a level 8 spell: Disjunction
    37 | D        | Killed a destroyer
    38 | D        | Reached skill level 10 in Short Blades
    38 | D        | Reached skill level 10 in Long Blades
    38 | D        | Reached skill level 10 in Staves
    38 | D        | Reached skill level 10 in Stealth
    40 | D        | Reached skill level 10 in Maces & Flails
    40 | D        | Reached skill level 10 in Polearms
    40 | D        | Reached skill level 10 in Ranged Weapons
    40 | D        | Reached skill level 10 in Shapeshifting
    42 | D        | Killed a destroyer
    43 | D        | Reached skill level 15 in Shields
    43 | D        | Reached skill level 15 in Invocations
    43 | D        | Reached skill level 15 in Evocations
    43 | D        | Reached XP level 24. HP: 179/208 MP: 0/0
    43 | D        | Noticed a tyrant
    43 | D        | Killed a large bag of meat
    44 | D        | Reached skill level 15 in Short Blades
    44 | D        | Reached skill level 15 in Long Blades
    44 | D        | Reached skill level 15 in Staves
    44 | D        | Reached skill level 15 in Stealth
    44 | D        | Killed a tyrant
    44 | D        | Noticed a tyrant
    45 | D        | Reached skill level 15 in Maces & Flails
    45 | D        | Reached skill level 15 in Polearms
    45 | D        | Reached skill level 15 in Ranged Weapons
    45 | D        | Reached skill level 15 in Shapeshifting
    45 | D        | Reached XP level 25. HP: 214/214 MP: 0/0
    45 | D        | Learned a level 8 spell: Borgnjor's Revivification
    45 | D        | Noticed a tyrant
    45 | D        | Killed a tyrant
    46 | D        | Killed a large bag of meat
    46 | D        | Noticed a destroyer
    50 | D        | Reached XP level 26. HP: 219/221 MP: 0/0
    51 | D        | Noticed a destroyer
    52 | D        | Noticed a destroyer
    54 | D        | Killed a tyrant
    56 | D        | Noticed The Captor
    58 | D        | Noticed a dread
    59 | D        | Reached XP level 27. HP: 228/228 MP: 0/0
    59 | D        | Learned a level 9 spell: Dragon's Call
    59 | D        | Noticed a dread
    60 | D        | Killed a destroyer
    60 | D        | Noticed an accursed
    61 | D        | Killed a destroyer
    62 | D        | Noticed a destroyer
    63 | D        | Noticed a destroyer
    63 | D        | Noticed a meat beast
    64 | D        | Killed a destroyer
    64 | D        | Noticed a meat beast
    65 | D        | Noticed a tyrant
    66 | D        | Killed a tyrant
    66 | D        | Killed The Captor
    66 | D        | Noticed a destroyer
    67 | D        | Reached skill level 27 in Shields
    67 | D        | Reached skill level 27 in Invocations
    67 | D        | Reached skill level 27 in Evocations
    67 | D        | Killed a dread
    67 | D        | Killed an accursed
    68 | D        | Reached skill level 27 in Short Blades
    68 | D        | Reached skill level 27 in Long Blades
    68 | D        | Reached skill level 27 in Staves
    68 | D        | Reached skill level 27 in Stealth
    68 | D        | Noticed a meat beast
    68 | D        | Noticed an accursed
    69 | D        | Noticed a large bag of meat
    69 | D        | Killed a dread
    69 | D        | Killed a meat beast
    69 | D        | Noticed an accursed
    69 | D        | Noticed a meat beast
    70 | D        | Reached skill level 27 in Maces & Flails
    70 | D        | Reached skill level 27 in Polearms
    70 | D        | Reached skill level 27 in Ranged Weapons
    70 | D        | Reached skill level 27 in Shapeshifting
    70 | D        | Noticed a meat beast
    70 | D        | Killed a large bag of meat
    70 | D        | Killed a destroyer
    71 | D        | Killed a meat beast
    72 | D        | Noticed a large bag of meat
    72 | D        | Noticed an accursed
    73 | D        | Killed a destroyer
    73 | D        | Noticed a dread
    73 | D        | Noticed a destroyer
    73 | D        | Killed a large bag of meat
    74 | D        | Killed a destroyer
    74 | D        | Killed an accursed
    74 | D        | Noticed a meat beast
    74 | D        | Noticed a tyrant
    74 | D        | HP: 3/228 [accursed/divine providence (14)]
    75 | D        | Killed a meat beast
    75 | D        | Noticed a dread
    76 | D        | Killed a destroyer
    76 | D        | Noticed a meat beast
    76 | D        | Noticed a destroyer
    76 | D        | Killed a large bag of meat
    76 | D        | Noticed a dread
    77 | D        | Noticed a tyrant
    78 | D        | Noticed a destroyer
    78 | D        | Killed a meat beast
    78 | D        | Killed a meat beast
    78 | D        | Noticed a meat beast
    78 | D        | Noticed a dread
    78 | D        | Noticed a dread
    79 | D        | Noticed a tyrant
    79 | D        | Noticed an accursed
    80 | D        | Noticed a meat beast
    80 | D        | Noticed a meat beast
    80 | D        | Killed The Servant
    81 | D        | Killed a dread
    81 | D        | Annihilated by a meat berserker

Illustrated notes

Levels and vault maps discovered:
D:        meatsprint

Skill      XL: |  1  2  3  4  5  6  7  8  9 10 11 12 13 14 15 16 17 18 19 20 21 22 23 24 25 26 27 |
---------------+----------------------------------------------------------------------------------+-----
Fighting       | 17 18 20 22 24 27 | 27.0
Axes           | 4 6 9 13 19 21 27 | 27.0
Throwing       | 4 5 6 7 10 11 16 21 25 27 | 27.0
Armour         | 5 6 7 8 10 11 15 20 23 27 | 27.0
Dodging        | 17 19 21 23 26 27 | 27.0
Unarmed Combat | 16 17 19 21 24 27 | 27.0
Spellcasting   | 13 19 26 27 | 27.0
Conjurations   | 13 19 26 27 | 27.0
Hexes          | 13 19 26 27 | 27.0
Summonings     | 13 19 26 27 | 27.0
Necromancy     | 13 19 26 27 | 27.0
Translocations | 13 19 26 27 | 27.0
Fire Magic     | 13 19 26 27 | 27.0
Ice Magic      | 13 19 26 27 | 27.0
Air Magic      | 13 19 26 27 | 27.0
Earth Magic    | 13 19 26 27 | 27.0
Alchemy        | 13 19 26 27 | 27.0
Short Blades   | 9 14 16 19 21 27 | 27.0
Long Blades    | 9 14 16 19 21 27 | 27.0
Maces & Flails | 8 13 15 18 19 27 | 27.0
Polearms       | 8 13 15 18 19 27 | 27.0
Staves         | 9 14 16 19 21 27 | 27.0
Ranged Weapons | 8 13 15 18 19 27 | 27.0
Stealth        | 9 14 16 19 21 27 | 27.0
Shields        | 9 15 18 21 23 27 | 27.0
Invocations    | 9 15 18 21 23 27 | 27.0
Evocations     | 9 15 18 21 23 27 | 27.0
Shapeshifting  | 8 13 15 18 19 27 | 27.0

Action                     |  1- 3 |  4- 6 |  7- 9 | 10-12 | 13-15 | 16-18 | 19-21 | 22-24 | 25-27 || total
---------------------------+-------+-------+-------+-------+-------+-------+-------+-------+-------++-------
  Melee: Executioner's axe |     1 |       |       |     1 |     3 |     5 |    10 |    25 |    48 ||    93
   Cast: Vhi's Electric Ch |       |       |       |       |       |       |     3 |       |       ||     3
         Manifold Assault  |       |       |       |       |       |       |       |     5 |     7 ||    12
         Disjunction       |       |       |       |       |       |       |       |       |     1 ||     1
   Stab: Distracted        |       |       |       |       |       |       |       |       |     1 ||     1
 Armour: Leather armour    |       |       |       |     1 |     2 |       |     3 |     2 |    20 ||    28
  Dodge: Dodged            |       |       |       |       |     3 |       |       |       |     3 ||     6
